 Dungeon Crawl Stone Soup version 0.23.2-1-ga50397a6bc (webtiles) character file.

Game seed: 2126709930800595774

1943 Nattfarinn the Fighter (level 8, -3/133 HPs)
             Began as a Troll Berserker on June 2, 2019.
             Was an Elder of Trog.
             Slain by a wight
             ... wielding a cursed -3 scimitar
              (5 damage)
             ... on level 6 of the Dungeon.
             The game lasted 00:09:03 (3998 turns).

Nattfarinn the Fighter (Troll Berserker)            Turns: 3998, Time: 00:09:04

Health: -3/133     AC:  6    Str: 31    XL:     8   Next: 98%
Magic:  7/7        EV:  9    Int:  3    God:    Trog [****..]
Gold:   289        SH:  0    Dex: 11    Spells: 7/7 levels left

rFire    . . .     SeeInvis .     - Unarmed
rCold    + . .     Gourm    +   (no shield)
rNeg     . . .     Faith    .   p - +0 robe {MR+}
rPois    .         Spirit   .   (helmet restricted)
rElec    .         Reflect  .   (no cloak)
rCorr    .         Harm     .   (gloves unavailable)
MR       +++..                  (boots unavailable)
Stlth    ..........             w - amulet of the acrobat
HPRegen  1.72/turn              g - ring of protection from cold
MPRegen  0.10/turn              (no ring)

@: berserking, regenerating, heavily drained, very quick
A: large, unfitting armour, claws 3, fast metabolism 3, gourmand, regeneration
1, shaggy fur 1, tough skin 3
a: Berserk, Trog's Hand, Brothers in Arms, Renounce Religion


You were on level 6 of the Dungeon.
You worshipped Trog.
Trog was greatly pleased with you.
You were very full.

You visited 1 branch of the dungeon, and saw 6 of its levels.
You also visited: Sewer.

You collected 289 gold pieces.

Inventory:

Armour
 a - a +0 animal skin
 p - a +0 robe of magic resistance (worn)
 q - a +0 helmet
Jewellery
 g - a ring of protection from cold (left claw)
 w - an amulet of the acrobat (around neck)
 x - an uncursed amulet of harm {unknown}
Wands
 f - a wand of scattershot (3)
 v - a wand of iceblast (3)
 y - a wand of random effects (10)
Scrolls
 d - a scroll of fear {unknown}
 i - a scroll of remove curse {unknown}
 l - 5 scrolls of teleportation {unknown}
 m - a scroll of random uselessness {unknown}
 o - 2 scrolls of amnesia {unknown}
 r - 8 scrolls of identify {unknown}
 A - a scroll of enchant weapon {unknown}
Potions
 c - 3 potions of heal wounds {unknown}
 e - a potion of might {unknown}
 h - 4 potions of agility {unknown}
 j - 10 potions of curing {unknown}
 k - a potion of lignification {unknown}
 n - 2 potions of haste
 s - a potion of mutation {unknown}
 t - a potion of degeneration {unknown}
 u - 3 potions of flight {unknown}
 z - a potion of brilliance {unknown}
Comestibles
 b - 10 rations
 B - 3 chunks of flesh


   Skills:
 * Level 8.4(5.7) Fighting
 - Level 2.4(0.1) Dodging
 + Level 7.3(4.7) Unarmed Combat


You had 7 spell levels left.
You didn't know any spells.
Your spell library was empty.

Dungeon Overview and Level Annotations

Branches:
Dungeon (6/15)
 Temple: D:4-7

Altars:
Cheibriados
Nemelex Xobeh
Okawaru
Ru

Annotations:
D:6 3 runed translucent doors


Innate Abilities, Weirdness & Mutations

You are too large for most types of armour.
You have claws for hands.
Your metabolism is lightning-fast.
You like to eat raw meat.
Your natural rate of healing is unusually fast.
You are covered in fur. (AC +1)
You have extremely tough skin. (AC +3)


Message History

Your ogre closely misses the wight.
Your skin crawls.
You feel resistant to hostile enchantments.
You feel somewhat less full. The wight hits you with a +3 mace.
* * * LOW HITPOINT WARNING * * *
You feel drained.
* * * LOW HITPOINT WARNING * * *
The wight hits you but does no damage.
A red film seems to cover your vision as you go berserk!
You feel yourself moving faster!
You feel mighty!
You feel quite a bit less full. The wight hits you but does no damage.
The wight closely misses you.
Your ogre closely misses the wight.
The wight hits you with a +3 mace.
* * * LOW HITPOINT WARNING * * *
You feel drained.
* * * LOW HITPOINT WARNING * * *
The wight hits you with a cursed -3 scimitar!
* * * LOW HITPOINT WARNING * * *
You feel drained.
You die...

# ... ## ..
###.. .# . #
###... .##..
..###..... ....#
.........###
#####
#..........##
#..
#...........####
...
#.....)z.$..#.#
..#
#.....Oz@....#
.#
#......zz....#
.#
#............##
##
#..............#
#
#.............##
#
##............#
##
#............#
.#
.#............#
..# ..
..........#


You could see 4 wights and a friendly ogre (berserk).

Vanquished Creatures
  Menkaure (D:5)
  Duvessa (D:5)
  An ice beast (D:5)
  4 ogres
  3 centaurs
  3 big kobolds (Sewer)
  Dowan (D:5)
  A water moccasin skeleton (D:5)
  A wight (D:6)
  A howler monkey (D:5)
  3 crimson imps
  A hound (D:4)
  A jelly (D:5)
  Ijyb (D:5)
  A bullfrog skeleton (D:4)
  A centaur skeleton (D:4)
  An iguana (D:5)
  3 worker ants
  5 gnolls
  9 adders
  An ooze (D:3)
  An adder skeleton (D:5)
  5 dart slugs
  5 worms
  7 leopard geckos
  13 orcs
  12 bats
  12 giant cockroaches
  5 goblins
  7 hobgoblins
  9 jackals
  2 quokkas
  3 ball pythons
  6 frilled lizards
  25 kobolds
  2 leopard gecko skeletons (D:4)
  A quokka skeleton (D:4)
  13 rats
172 creatures vanquished.

Notes
Turn   | Place    | Note
-------+----------+-------------------------------------------
     0 | D:1      | Nattfarinn the Troll Berserker began the quest for the Orb.
     0 | D:1      | Reached XP level 1. HP: 22/22 MP: 0/0
   108 | D:1      | Reached XP level 2. HP: 29/29 MP: 1/1
   288 | D:1      | Reached skill level 3 in Fighting
   393 | D:1      | Reached XP level 3. HP: 35/37 MP: 2/2
   649 | D:2      | Reached ** piety under Trog
   652 | D:2      | Reached XP level 4. HP: 25/46 MP: 3/3
  1006 | D:2      | Found a sacrificial altar of Ru.
  1132 | D:2      | Reached skill level 4 in Fighting
  1266 | D:2      | Found a snail-covered altar of Cheibriados.
  1523 | D:3      | Reached *** piety under Trog
  1569 | D:3      | Reached XP level 5. HP: 54/54 MP: 4/4
  2002 | D:3      | Found a sparkling altar of Nemelex Xobeh.
  2200 | D:4      | Reached XP level 6. HP: 60/65 MP: 5/5
  2266 | D:4      | Reached skill level 5 in Fighting
  2544 | D:4      | Found an iron altar of Okawaru.
  2550 | D:4      | Reached **** piety under Trog
  2550 | D:4      | Reached skill level 5 in Unarmed Combat
  2709 | D:5      | Entered Level 5 of the Dungeon
  2709 | D:5      | Noticed Menkaure
  2719 | D:5      | Killed Menkaure
  2719 | D:5      | Reached XP level 7. HP: 18/74 MP: 6/6
  2723 | D:5      | Reached skill level 6 in Fighting
  2862 | D:5      | Noticed Ijyb
  2871 | D:5      | Killed Ijyb
  3061 | D:5      | Reached XP level 8. HP: 74/84 MP: 7/7
  3101 | D:5      | Reached skill level 7 in Fighting
  3116 | D:5      | Found a glowing drain.
  3142 | Sewer    | Entered a sewer
  3393 | Sewer    | Reached ***** piety under Trog
  3436 | D:5      | Noticed Dowan
  3437 | D:5      | Noticed Duvessa
  3445 | D:5      | Killed Duvessa
  3448 | D:5      | Killed Dowan
  3632 | D:5      | Reached skill level 8 in Fighting
  3861 | D:6      | Found a runed translucent gate.
  3861 | D:6      | Found a runed translucent gate.
  3861 | D:6      | Found a runed translucent gate.
  3998 | D:6      | HP: 2/133 [wight/cursed -3 scimitar (11)]
  3998 | D:6      | Slain by a wight

Skill      XL: |  1  2  3  4  5  6  7  8 |
---------------+-------------------------+-----
Fighting       | 3 4 5 6 8 |  8.4
Unarmed Combat | 4 5 6 7 |  7.3
Dodging        | |  2.4

Action                   |  1- 3 |  4- 6 |  7- 9 || total
-------------------------+-------+-------+-------++-------
Melee: Unarmed           |    62 |   218 |   162 ||   442
       Punch             |     1 |     1 |     7 ||     9
Invok: Trog's Hand       |       |     1 |     2 ||     3
       Berserk           |       |       |     4 ||     4
       Brothers in Arms  |       |       |     1 ||     1
 Stab: Sleeping          |       |     1 |     1 ||     2
  Eat: Chunk             |    11 |    20 |    15 ||    46
Armor: Animal skin       |    22 |    14 |       ||    36
       Robe              |       |    61 |    60 ||   121
Dodge: Dodged            |    32 |   114 |   113 ||   259
